 Dungeon Crawl Stone Soup version 0.21.1-1-g345015f (webtiles) character file.

12 inc the Magician (level 2, -1/11 HPs)
             Began as a Felid Wizard on Feb 28, 2018.
             Was a Follower of Yredelemnul.
             Slain by an adder (5 damage)
             ... on level 2 of the Dungeon.
             The game lasted 00:01:13 (565 turns).

inc the Magician (Felid Wizard)                      Turns: 565, Time: 00:01:14

Health: -1/11      AC:  1    Str:  3    XL:     2   Next: 20%
Magic:  1/7        EV: 17    Int: 19    God:    Yredelemnul [*.....]
Gold:   20         SH:  0    Dex: 14    Spells: 6/7 levels left
                                        Lives:  0   Deaths: 0

rFire    . . .     SeeInvis +   (weapon unavailable)
rCold    . . .     Gourm    .   (shield unavailable)
rNeg     . . .     Faith    .   (armour unavailable)
rPois    .         Spirit   .   (helmet unavailable)
rElec    .         Reflect  .   (cloak unavailable)
rCorr    .         Harm     .   (gloves unavailable)
MR       .....                  (boots unavailable)
Stlth    +++.......             (no amulet)
HPRegen  0.03/turn              (no ring)
MPRegen  0.10/turn              (no ring)

@: lethally poisoned (-1 -> -11), quick
A: very small, no armour, no weapons or thrown items, stealth, claws 1, fangs 3,
see invisible, carnivore, speed 1, shaggy fur 1, slow metabolism 1, sharp paws
a: Animate Remains, Renounce Religion


You were on level 2 of the Dungeon.
You worshipped Yredelemnul.
Yredelemnul was aware of your devotion.
You were not hungry.

You visited 1 branch of the dungeon, and saw 2 of its levels.

You collected 20 gold pieces.

Inventory:

Scrolls
 c - 2 scrolls of identify {unknown}
Potions
 d - a potion of brilliance {unknown}
 e - a potion of berserk rage {unknown}
 f - a potion of mutation {unknown}
 g - a potion of invisibility {unknown}
 h - a potion of heal wounds {unknown}
 i - a potion of curing {unknown}
 j - a potion of degeneration {unknown}
Books
 a - a book of Minor Magic

   Spells                             Type                      Level
   a - Magic Dart                     Conjuration                  1
   b - Blink                          Translocation                2
   c - Call Imp                       Summoning                    2
   d - Slow                           Hexes                        2
   e - Conjure Flame                  Conjuration/Fire             3
   f - Mephitic Cloud                 Conjuration/Poison/Air       3
Comestibles
 b - 2 rations


   Skills:
 - Level 2.6 Dodging
 - Level 2.6 Stealth
 - Level 3.0 Spellcasting
 + Level 2.1 Conjurations
   Level 1.0 Summonings
   Level 1.5 Translocations


You had 6 spell levels left.
You knew the following spells:

 Your Spells              Type           Power        Failure   Level  Hunger
a - Magic Dart            Conj           ##..         6%          1    None


Dungeon Overview and Level Annotations

Branches:
Dungeon (2/15)

Altars:
Yredelemnul


Innate Abilities, Weirdness & Mutations

You cannot wear armour.
You are incapable of wielding weapons or throwing items.
Your paws allow you to move quietly. (Stealth)
You have sharp claws.
You have razor-sharp teeth.
You have supernaturally acute eyesight. (SInv)
You are carnivorous and can eat meat at any time.
You cover ground quickly.
You are covered in fur. (AC +1)
You have a slow metabolism.
Your sharp claws are effective at attacking unaware monsters.


Message History

The rat moves out of view.
The adder closely misses you.
Casting: Magic Dart
Confirm with . or Enter, or press ? or * to list all spells.
You don't have enough magic to cast that spell.
Unknown command.
There is a basalt altar of Yredelemnul here.
You enter the shallow water.
Moving in this stuff is going to be slow.
The adder bites you. The adder bites you.
You are lethally poisoned!
The adder poisons you!
You see here a stone.
You feel sick. The adder bites you but does no damage.
The rat twitches its whiskers.
You feel sick. The adder barely misses you. The adder bites you.
You die...
Your body rises from the dead as a mindless zombie.

.....# .......#
.......# ..!....#
......
.#########.#.#######.
.....<.≈≈..≈rr.≈≈..?.
##....@≈w≈≈≈...≈≈..
####.....≈S≈≈≈≈≈≈≈≈.$.
.....)..≈≈≈≈K≈≈≈≈≈≈[.#
.....#.≈.≈≈≈≈≈≈≈≈≈≈..#
......#..≈≈≈.♣♣≈≈≈....
..###.#≈≈≈≈≈†_.≈≈≈≈≈..
. #.≈≈≈≈..≈≈≈≈≈≈.. ..
#..≈≈≈≈≈≈≈≈≈≈... ..
#..≈≈≈≈≈≈≈≈≈≈...


You could see a worm, an adder, a kobold and 2 rats.

Vanquished Creatures
  4 bats
  A goblin (D:1)
  A hobgoblin (D:1)
  A ball python (D:1)
  3 frilled lizards (D:1)
  A kobold (D:1)
  3 rats
14 creatures vanquished.

Notes
Turn   | Place    | Note
-------+----------+-------------------------------------------
     0 | D:1      | inc the Felid Wizard began the quest for the Orb.
     0 | D:1      | Reached XP level 1. HP: 7/7 MP: 5/5
    56 | D:1      | Reached skill level 1 in Conjurations
   313 | D:1      | Reached XP level 2. HP: 11/11 MP: 4/7
   519 | D:2      | Found a faded altar of an unknown god.
   554 | D:2      | Became a worshipper of Yredelemnul the Dark
   554 | D:2      | Reached * piety under Yredelemnul
   565 | D:2      | Slain by an adder

Skill      XL: |  1  2 |
---------------+-------+-----
Conjurations   | 1 2 |  2.1
Dodging        | |  2.6
Stealth        | |  2.6
Spellcasting   | |  3.0
Summonings     | |  1.0
Translocations | |  1.5

Action                   || total
-------------------------++-------
 Cast: Magic Dart        ||    30
Armor: Skin              ||     1
Dodge: Dodged            ||     5
